 Dungeon Sprint DCSS version 0.28-a0-863-g8cecda6153 (webtiles) character file.

Game seed: 12490036781680328288

13 emperorscorpion the Magician (level 2, -13/21 HPs)
             Began as a Djinni Air Elementalist on Nov 18, 2021.
             Mangled by an ogre (18 damage)
             ... in the Dungeon (Sprint IX: "|||||||||||||||||||||||||||||").
             The game lasted 00:00:26 (67 turns).

emperorscorpion the Magician (DjAE)                   Turns: 67, Time: 00:00:27

Health: -13/21     AC:  2    Str:  7    XL:     2   Next: 50%
Gold:   0          EV: 12    Int: 16    God:
                   SH:  0    Dex: 13

rFire   + + .      SeeInvis .   g - +0 dagger
rCold   x . .      Faith    .   (no shield)
rNeg    . . .      Spirit   .   a - +0 robe
rPois   ∞          Reflect  .   (no helmet)
rElec   .          Harm     .   (no cloak)
rCorr   .          Rampage  .   (no gloves)
Will    .....      NoTele   +   (boots unavailable)
Stlth   ++........              (no amulet)
HPRegen 0.07/turn               (no ring)
MPRegen 0.00/turn               (no ring)

@: flying
A: sickness immunity, fire resistance 2, cold vulnerability 1, float, innate
caster, hp casting, extra vitality 1
a: no special abilities


You were in the Dungeon.
You visited 1 branch

Inventory:

Hand Weapons
 g - a +0 dagger (weapon)
Armour
 a - a +0 robe (worn)
Scrolls
 f - a scroll of blinking
Potions
 b - a potion of curing
 c - a potion of heal wounds
 d - a potion of haste
 e - a potion of berserk rage


   Skills:
 + Level 2.7 Dodging
 + Level 2.3 Stealth
 + Level 3.8 Spellcasting


You couldn't memorise any spells.
You knew the following spells:

 Your Spells              Type           Power      Damage    Failure   Level
a - Shock                 Conj/Air       60%        1d6       3%          1
b - Static Discharge      Conj/Air       15%        N/A       5%          2
c - Swiftness             Air            15%        N/A       11%         3
d - Airstrike             Air            7%         N/A       34%         4
Your spell library was empty.

Dungeon Overview and Level Annotations

Branches:
Dungeon (1/1)

Altars:


Innate Abilities, Weirdness & Mutations

You are immune to sickness and miasma.
You are immune to poison.
Your flesh is very heat resistant. (rF++)
You are vulnerable to cold. (rC-)
You float through the air rather than walking.
You learn spells naturally, not from books.
Your magical power is your life essence.
You have superior vitality. (+4 HP)


Message History

Confirm with . or Enter, or press ? or * to list all spells.
Aiming: Shock (safe; 4% risk of failure)
Press: ? - help, Shift-Dir - straight line, f/p - bat zombie
Aim: a bat zombie (severely damaged, 72% to hit)
The zap hits the orc.
The orc is almost dead.
The zap hits the bat zombie.
You destroy the bat zombie!
The zap misses the ogre.
The zap hits the dart slug.
You kill the dart slug!
The zap hits the ball python skeleton.
You destroy the ball python skeleton!
The orc hits you with a +0 hand axe.
Your Stealth skill increases to level 2!
Casting: Shock (safe; 3% risk of failure)
Confirm with . or Enter, or press ? or * to list all spells.
The orc is struck by an arc of lightning.
You kill the orc!
The lightning grounds out.
Unknown command.
Casting: Static Discharge (safe; 5% risk of failure)
Confirm with . or Enter, or press ? or * to list all spells.
The ogre is struck by an arc of lightning!
The ogre is heavily wounded.
You are struck by an arc of lightning.
The ogre is struck by an arc of lightning.
The ogre is severely wounded.
The lightning grounds out.
The ogre barely misses you.
Unknown command.
Casting: Static Discharge (safe; 5% risk of failure)
Confirm with . or Enter, or press ? or * to list all spells.
The ogre is struck by an arc of lightning.
The ogre is almost dead.
You are struck by an arc of lightning.
* * * LOW HITPOINT WARNING * * *
The lightning grounds out.
* * * LOW HITPOINT WARNING * * *
The ogre hits you with a +0 giant spiked club!!
Ouch! That really hurt!
You die...

▓+▓
▓.▓
▓.▓
▓.▓
▓.▓
▓.▓
▓O▓
▓@▓
▓.▓
▓.▓
▓†▓
▓†▓
▓'▓
▓.▓
▓.▓
▓.▓


You could see an ogre.

Vanquished Creatures
  A dart slug (D)
  An orc (D)
  A ball python (D)
  A bat zombie (D)
  A goblin (D)
  A hobgoblin (D)
  A ball python skeleton (D)
  2 bats (D)
9 creatures vanquished.

Notes
Turn   | Place    | Note
-------+----------+-------------------------------------------
     0 | D        | emperorscorpion the Djinni Air Elementalist began the quest
                  | for the Orb.
     0 | D        | Reached XP level 1. HP: 15/15 MP: 0/0
     6 | D        | Reached skill level 3 in Spellcasting
     8 | D        | Reached XP level 2. HP: 17/21 MP: 0/0
    61 | D        | Noticed an ogre
    67 | D        | Mangled by an ogre

Illustrated notes

Levels and vault maps discovered:
D:        linesprint [early_d, line_temple, items_1, d_10, items_2, lair_1,
          lair_end, items_3, orc_1, orc_end, items_4, d_15, swamp_1, shoals_1,
          snake_1, spider_1, d_20, vaults_1, items_5, swamp_end, shoals_end,
          snake_end, spider_end, vaults_end, d_27, items_6, zot_1, zot_end,
          crypt_end, forest_end, elf_end, slime_end, tomb_end, abyss_end,
          pan_hell_end]

Skill      XL: |  1  2 |
---------------+-------+-----
Spellcasting   | 3 |  3.8
Stealth        | 2 |  2.3
Dodging        | |  2.7

Action                   || total
-------------------------++-------
 Cast: Shock             ||     6
       Static Discharge  ||     3
Dodge: Dodged            ||     6

Table legend: (Time is in decaauts)
 A = Elapsed time spent in this place.
 B = Non-inter-level travel time spent in this place.
 C = Inter-level travel time spent in this place.
 D = Time resting spent in this place.
 E = Time spent auto-exploring this place.
 F = Levels seen in this place.
 G = Mean time per level.
                   A        B        C        D        E       F      G
               +--------+--------+--------+--------+--------+-----+--------+
         Total |     66 |     66 |      0 |     46 |      0 |   1 |   66.0 |
       Dungeon |     66 |     66 |      0 |     46 |      0 |   1 |   66.0 |
               +--------+--------+--------+--------+--------+-----+--------+

Top non-repeatable levels by time:
       D: 66 daAuts
